 Dungeon Crawl Stone Soup version 0.20.0-10-g0535bb4 (webtiles) character file.

1544 kuniqs the Skirmisher (level 8, 0/42 HPs)
             Began as a Vine Stalker Fighter on June 6, 2017.
             Was a Follower of Ru.
             Slain by an unseen horror (6 damage)
             ... on level 7 of the Dungeon.
             The game lasted 00:08:36 (3793 turns).

kuniqs the Skirmisher (Vine Stalker Fighter)        Turns: 3793, Time: 00:08:37

Health: 0/42       AC: 18    Str: 21    XL:     8   Next: 87%
Magic:  0/9        EV:  5    Int:  8    God:    Ru [*.....]
Gold:   215        SH: 10    Dex: 14    Spells: 7/7 levels left

rFire    . . .     SeeInvis .   a - +1 rapier
rCold    + . .     Gourm    .   c - +0 shield
rNeg     . . .     Faith    .   z - +2 plate armour {rC+}
rPois    .         Spirit   +   H - +1 hat
rElec    .         Reflect  .   I - +0 cloak
rCorr    .         Harm     .   B - +0 pair of gloves
MR       +....                  i - +0 pair of boots
Stlth    ..........             (no amulet)
Regen    0.6/turn               (no ring)
MPRegen  0.2/turn               (no ring)

@: no status effects
A: fangs 3, regeneration 1, magic shield, antimagic bite, no potion heal 3, rot
immunity, unskilled 1
a: Renounce Religion


You were on level 7 of the Dungeon.
You worshipped Ru.
Ru was aware of your devotion.
You were not hungry.

You visited 2 branches of the dungeon, and saw 8 of its levels.
You also visited: Sewer.

You collected 215 gold pieces.

Inventory:

Hand Weapons
 a - a +1 rapier (weapon)
Armour
 c - a +0 shield (worn)
 i - a +0 pair of boots (worn)
 z - a +2 plate armour of cold resistance (worn)
 B - a +0 pair of gloves (worn)
 H - a +1 hat (worn)
 I - a +0 cloak (worn)
Wands
 g - a wand of lightning (9/15)
 u - a wand of flame (25/48)
 K - a wand of polymorph (4/24)
Scrolls
 b - a scroll of random uselessness {unknown}
 j - 6 scrolls of identify {@r1}
 n - 2 scrolls of amnesia
 p - 3 scrolls of enchant weapon
 s - 2 scrolls of teleportation
 v - 2 scrolls of remove curse {@r2}
 w - 2 scrolls of fog {unknown}
 x - a scroll of noise {unknown}
 y - a scroll of immolation {unknown}
 A - a scroll of recharging {unknown}
 G - a scroll of enchant armour {unknown}
Potions
 h - 6 potions of brilliance {unknown}
 k - a potion of magic {unknown}
 l - a potion of cancellation {unknown}
 o - 7 potions of curing {unknown}
 q - 3 potions of lignification {unknown}
 r - 2 potions of ambrosia {unknown}
 t - 5 potions of might
 C - a potion of resistance {unknown}
 D - a potion of degeneration {unknown}
 E - a potion of invisibility {unknown}
 F - 3 potions of heal wounds {unknown}
Comestibles
 d - 3 bread rations
 e - a meat ration
 f - 3 fruits
 m - a royal jelly
 J - a chunk of flesh


   Skills:
 + Level 4.8 Fighting
 + Level 4.0 Short Blades
 + Level 4.0 Armour
 + Level 3.5 Dodging
 + Level 4.7 Shields


You had 7 spell levels left.
You didn't know any spells.

Dungeon Overview and Level Annotations

Branches:
Dungeon (7/15)             Temple (1/1) D:6

Altars:
Ashenzari
Cheibriados
Dithmenos
Fedhas
Gozag
Hepliaklqana
Kikubaaqudgha
Nemelex Xobeh
Qazlal
Ru
Sif Muna
Trog
Uskayaw
Vehumet
Xom
Yredelemnul
Zin
The Shining One

Annotations:
D:4 Sigmund; ThereIsNoGod's ghost, novice GrFi
D:5 Blork the orc


Innate Abilities, Weirdness & Mutations

You have razor-sharp teeth.
Your natural rate of healing is unusually fast.
When hurt, damage is shared between your health and your magic reserves.
Your bite disrupts and absorbs the magic of your enemies.
Potions cannot restore your health.
You are immune to rotting.
You are somewhat unskilled. (-1 Apt)


Message History

You hit the iguana but do no damage. Your bite misses the iguana.
The iguana is heavily wounded.
The adder bites you but does no damage. Something hits you but does no damage.
The adder bites you but does no damage. You block the iguana's attack.
You hit the iguana. You bite the iguana. You drain its power.
You feel invigorated.
You kill the iguana!
Something hits you. The adder bites you but does no damage. Something hits you.
Something hits you!
* * * LOW HITPOINT WARNING * * *
Something hits you.
* * * LOW HITPOINT WARNING * * *
You are too injured to fight recklessly!
You hit the adder. Your bite misses the adder.
The adder is severely wounded.
Something hits you but does no damage. x2; The adder bites you.
* * * LOW HITPOINT WARNING * * *
The adder bites you but does no damage. Something hits you!
You die...

. .## .K# #.# #K# #K#
#+# #K# #.#
####S#######.#####
#.....@..........#
#.##.##..##...##.# #
#.##..#.....#.#
#.##.....(....##.#
#........###.###.######
########.##............
#.#.....#.######
#.....>...# #####.#####


You could see an adder.

Vanquished Creatures
  Edmund (D:4)
  A phantom (D:7)
  2 ogres
  A necrophage (D:6)
  A centaur (D:6)
  2 big kobolds (Sewer)
  2 bullfrogs (D:7)
  3 wights (D:7)
  A howler monkey (D:4)
  The ghost of herpmino the Gusty, a weakling HaAE (D:3)
  A crimson imp (D:7)
  A bullfrog zombie (D:6)
  2 jellies (D:4)
  3 iguanas
  A worker ant (D:4)
  2 orc wizards (D:3)
  A killer bee zombie (D:6)
  8 adders
  10 oozes
  3 worms
  2 dart slugs (D:1)
  3 leopard geckos
  6 orcs (D:3)
  2 ball pythons
  4 giant cockroaches
  2 goblins
  8 hobgoblins
  5 jackals
  3 quokkas
  9 bats
  3 frilled lizards
  23 kobolds
  A leopard gecko skeleton (D:4)
  A quokka zombie (D:7)
  12 rats
131 creatures vanquished.

Vanquished Creatures (others)
  2 fungi (D:4)
  5 toadstools (D:4)
7 creatures vanquished.

Grand Total: 138 creatures vanquished

Notes
Turn   | Place    | Note
-------+----------+-------------------------------------------
     0 | D:1      | kuniqs the Vine Stalker Fighter began the quest for the Orb.
     0 | D:1      | Reached XP level 1. HP: 11/11 MP: 2/2
   123 | D:1      | Reached XP level 2. HP: 16/16 MP: 3/3
   364 | D:1      | Reached XP level 3. HP: 19/20 MP: 4/4
   453 | D:1      | Reached skill level 1 in Dodging
   563 | D:2      | Gained mutation: Your natural rate of healing is unusually fast. [Vine Stalker growth]
   563 | D:2      | Reached XP level 4. HP: 17/24 MP: 5/5
   592 | D:2      | Found an opulent altar of Gozag.
   919 | D:3      | Reached XP level 5. HP: 22/28 MP: 6/6
   975 | D:3      | Noticed herpmino's ghost (weakling HaAE)
   991 | D:3      | Killed herpmino's ghost
  1018 | D:3      | Found a blossoming altar of Fedhas.
  1019 | D:3      | Found an ancient bone altar of Kikubaaqudgha.
  1440 | D:3      | Found a radiant altar of Vehumet.
  1440 | D:3      | Found a deep blue altar of Sif Muna.
  1971 | D:4      | Reached XP level 6. HP: 32/33 MP: 7/7
  2048 | D:4      | Noticed Edmund
  2087 | D:4      | Killed Edmund
  2380 | D:4      | Reached XP level 7. HP: 36/37 MP: 8/8
  2527 | D:4      | Found a shadowy altar of Dithmenos.
  2528 | D:4      | Noticed ThereIsNoGod's ghost (novice GrFi)
  2558 | D:5      | Entered Level 5 of the Dungeon
  2558 | D:5      | Noticed Sigmund
  2619 | D:5      | Noticed Blork the orc
  2720 | D:6      | Found a staircase to the Ecumenical Temple.
  2728 | Temple   | Entered the Ecumenical Temple
  2734 | Temple   | Became a worshipper of Ru the Awakened
  2795 | D:6      | Found a glowing drain.
  2814 | Sewer    | Entered a sewer
  2975 | Sewer    | Gained mutation: You have razor-sharp teeth. [Vine Stalker growth]
  2975 | Sewer    | Reached XP level 8. HP: 34/42 MP: 9/9
  3160 | D:6      | Reached skill level 5 in Fighting
  3277 | D:6      | Found an opulent altar of Gozag.
  3558 | D:6      | Gained mutation: You are somewhat unskilled. (-1 Apt) [Ru sacrifice]
  3558 | D:6      | Reached * piety under Ru
  3793 | D:7      | Slain by an unseen horror

Skill      XL: |  1  2  3  4  5  6  7  8 |
---------------+-------------------------+-----
Fighting       | 3 4 4 |  4.8
Short Blades   | 2 3 4 |  4.0
Dodging        | 1 2 3 |  3.5
Shields        | 3 4 |  4.7
Armour         | 3 4 |  4.0

Action                   |  1- 3 |  4- 6 |  7- 9 || total
-------------------------+-------+-------+-------++-------
Melee: Rapier            |    99 |   168 |   242 ||   509
       Bite              |    24 |    53 |    71 ||   148
Invok: Sacrifice Skill   |       |       |     1 ||     1
  Use: Scroll            |       |     2 |     3 ||     5
  Eat: Chunk             |       |     5 |     5 ||    10
Armor: Scale mail        |     8 |       |       ||     8
       Chain mail        |    60 |    21 |       ||    81
       Plate armour      |       |    51 |   221 ||   272
Dodge: Dodged            |    23 |    25 |    63 ||   111
Block: Shield            |    52 |    62 |   149 ||   263
